Unix NetHack Version 3.7.0-102 Work-in-progress - last build Apr 6 2024 13:22:21 (d302a6a9ff6341f1a922d8f5af178406b35fdf99,branch:master). Game began 2024-05-03 12:31:50, ended 2024-05-03 13:17:34. fstd, neutral male human Wizard --- ---- .----- ---.-- |..-- ........ --..*.| |...--- ........- ..|.....| |-....| |........| ... .....---- --.....- --- -..`.)..--- |.........| |.......------.---- --.........| --..a.....-- |-.........--...|.------%....)....--- --..@..a...| |.....<..........%...)......|.........----..............--.........-- --.........------..-----..-----....- -..|.........................-- --......)..------%--- -..- -........................-...^......-- |...---........[.).. .. . |........)........................| ----- ----.......... ---........---.|............--.--...| --.--..... ---..........| -----.......---------..- ------.. |........^...-- --.....-- |.............| --.--........-- -----..--.--- ------- Fstd the Thaumaturge St:13 Dx:14 Co:15 In:18 Wi:14 Ch:12 Neutral S:3438 Dlvl:5 $:310 HP:0(58) Pw:33(83) AC:4 Xp:7 T:7083 Burdened Latest messages: You have a little trouble lifting C - 7 uncursed crossbow bolts You see here a crossbow. You are hit. In what direction? j You kill the gnome lord! The magic missile bounces! It misses. You learn more about your items by comparing them. You have a little trouble lifting C - 10 uncursed crossbow bolts You see here a crossbow. You fall into a pit! You land on a set of sharp iron spikes! You crawl to the edge of the pit. You hit it. You hit it. The lizard bites! You hit it. The lizard bites! The lizard bites! In what direction? j The magic missile hits it. The magic missile bounces! You kill the lizard! The magic missile hits you! The missiles bounce off! You see here a lizard corpse. Your knapsack cannot accommodate any more items. What do you want to drop? [$a-zA-Z or ?*] N You have a little trouble lifting N - a lizard corpse. What do you want to put on? [deDMUX or ?*] U It explodes! You seem unaffected by it. You can see again. A gush of water hits you on the head! Your helm rusts! What do you want to adjust? [a-zA-Z or ?*] U Adjust letter to what [U] (? see used letters)? n Swapping: n - a blindfold. Your knapsack cannot accommodate any more items. You see here a black gem. In what direction? l You kill the soldier ant! The soldier ant bites! The soldier ant stings! The soldier ant's sting was poisoned! The soldier ant bites! The soldier ant stings! The soldier ant bites! You die... Do you want your possessions identified? [ynq] (y) q Inventory: Coins ('$') $ - 310 gold pieces Weapons (')') Q - an uncursed +0 arrow P - a cursed -1 arrow C - 27 uncursed +0 crossbow bolts w - 6 cursed -1 crossbow bolts m - 9 blessed +1 darts v - 27 uncursed +0 darts H - 5 uncursed +0 daggers Y - an uncursed +0 elven dagger a - a blessed +1 quarterstaff (weapon in hands) Armor ('[') t - an uncursed rusty +0 orcish helm (being worn) J - a blessed +0 pair of iron shoes (being worn) b - an uncursed +0 cloak of magic resistance (being worn) o - an uncursed +0 studded leather armor (being worn) Comestibles ('%') q - 4 uncursed food rations V - a cursed tripe ration N - an uncursed lizard corpse Scrolls ('?') i - an uncursed scroll of earth T - an uncursed scroll of genocide z - an uncursed scroll of gold detection k - an uncursed scroll of punishment j - an uncursed scroll of teleportation Potions ('!') u - a blessed potion of blindness r - an uncursed potion of blindness s - a blessed potion of confusion W - an uncursed potion of extra healing L - an uncursed potion of full healing g - an uncursed potion of gain ability f - an uncursed potion of gain energy O - an uncursed potion of gain level G - a blessed potion of object detection B - an uncursed potion of sickness y - an uncursed potion of water Rings ('=') D - an uncursed +1 ring of adornment e - an uncursed ring of fire resistance d - an uncursed +2 ring of gain strength X - an uncursed ring of regeneration M - an uncursed ring of see invisible Wands ('/') c - an uncursed wand of cold (0:5) I - an uncursed wand of magic missile (0:7) R - a blessed wand of striking (0:3) E - a cursed wand of undead turning (0:5) Tools ('(') n - an uncursed blindfold l - an uncursed brass lantern (lit) h - an uncursed leash U - an uncursed magic marker (0:22) Z - an uncursed magic whistle p - an uncursed skeleton key A - an uncursed tin opener Gems/Stones ('*') x - an uncursed black opal F - an uncursed emerald K - an uncursed worthless piece of violet glass S - 2 uncursed worthless pieces of white glass Fstd the Wizard's attributes: Background: You were a Thaumaturge, a level 7 male human Wizard. You were neutral, on a mission for Thoth who was opposed by Ptah (lawful) and Anhur (chaotic). You were right-handed. You were in the Gnomish Mines, on level 5. You entered the dungeon 7083 turns ago. You had 732 experience points, 548 more were needed to attain level 8. Your score was 3438 before end-of-game adjustments. Basics: You had 0 out of 58 hit points. You had 33 out of 83 energy points (spell power). Your armor class was 4. Your wallet contained 310 zorkmids. Autopickup was on for '$"?!=+/(*' plus thrown, with exceptions. Final Characteristics: Your strength was 13 (limit:18/100). Your dexterity was 14 (limit:18). Your constitution was 15 (limit:18). Your intelligence was 18 (limit:18). Your wisdom was 14 (limit:18). Your charisma was 12 (limit:18). Final Status: You weren't hungry. You were burdened; movement was slightly slowed. You were wielding a quarterstaff. You had basic skill with quarterstaff and could have enhanced that. Final Attributes: You were piously aligned. You were magic-protected. You were warded. You are dead. Miscellaneous: You disabled loading of bones levels. Total elapsed playing time was 45 minutes and 44 seconds. Major events: Turn 1: fstd the neutral male human Wizard entered the dungeon 1588: attained the rank of Conjurer (level 3) 5925: attained the rank of Thaumaturge (level 6) 6088: entered the Gnomish Mines 7083: killed by a soldier ant Vanquished creatures: a small mimic 2 leprechauns a lizard a soldier ant a wood nymph a rock piercer 2 yellow lights 3 shriekers 5 gnome leaders an elf zombie a giant ant 2 floating eyes a kitten 3 dwarves a homunculus 4 dwarf zombies an iguana a coyote a gas spore 5 hobbits 2 large kobolds 2 brown molds a green mold 2 red molds 18 gnomes 3 gnome zombies 4 geckos 10 jackals a fox 5 kobolds 4 goblins 11 grid bugs a bat 8 lichens a kobold zombie 15 newts 126 creatures vanquished. No species were genocided or became extinct. Voluntary challenges: You read items or engraved 4 times. You never engraved Elbereth. You never genocided any monsters. You never polymorphed an object. You used no wishes. Achievements: You attained the rank of Conjurer. You entered a shop. You attained the rank of Thaumaturge. You entered the Gnomish Mines. The Dungeons of Doom: levels 1 to 4 Level 1: An altar to Thoth, a fountain. Level 2: Some fountains, a grave. Level 3: An altar. Stairs down to The Gnomish Mines. Level 4: The Gnomish Mines: levels 4 to 5 Level 4: Level 5: <- You were here. Final resting place for you, killed by a soldier ant. Game over: ---------- / \ / REST \ / IN \ / PEACE \ / \ | fstd | | 310 Au | | killed by a | | soldier ant | | | | | | 2024 | *| * * * | * _________)/\\_//(\/(/\)/\//\/|_)_______ Goodbye fstd the Wizard... You died in The Gnomish Mines on dungeon level 5 with 3407 points, and 310 pieces of gold, after 7083 moves. You were level 7 with a maximum of 58 hit points when you died.